 Dungeon Crawl Stone Soup version 0.30.0-10-gfe55d96785 (webtiles) character file.

Game seed: 4398308739956569770

17 GigaChad the Shield-Bearer (level 2, -2/24 HPs)
             Began as a Formicid Fighter on May 16, 2023.
             Slain by a gnoll
             ... wielding a +0 flail
              (7 damage)
             ... on level 1 of the Dungeon.
             The game lasted 00:00:43 (259 turns).

GigaChad the Shield-Bearer (Formicid Fighter)        Turns: 259, Time: 00:00:43

Health: -2/24      AC:  6    Str: 20    XL:     2   Next: 80%
Magic:  2/2        EV:  9    Int:  7    God:
Gold:   30         SH:  5    Dex: 13    Spells: 1/1 levels left

rFire   . . .        a - +0 war axe
rCold   . . .        c - +0 buckler
rNeg    . . .        b - +0 scale mail
rPois   .            (helmet unavailable)
rElec   .            (no cloak)
rCorr   .            (no gloves)
SInv    +            (no boots)
Will    .....        (no amulet) Stlth
                     (no ring)
HPRegen 0.24/turn    (no ring)
MPRegen 0.08/turn

%: no passive effects
@: no status effects
A: permanent stasis, dig shafts and tunnels, antennae 3, four strong arms
a: Dig, Shaft Self


You were on level 1 of the Dungeon.
You visited 1 branch of the dungeon, and saw 1 of its levels.

You collected 30 gold pieces.

Inventory:

Hand Weapons
 a - a +0 war axe (weapon)
Armour
 b - a +0 scale mail (worn)
 c - a +0 buckler (worn)
Jewellery
 e - an amulet of faith
Potions
 d - a potion of might
 f - a potion of cancellation {unknown}


   Skills:
 * Level 3.5 Fighting
 * Level 2.2 Axes
 * Level 3.6 Armour
 * Level 4.2 Shields


You had one spell level left.
You didn't know any spells.
Your spell library contained the following spells:

 Spells                   Type           Power      Damage    Failure   Level
 Sublimation of Blood     Necr           0%         N/A       94%         2
 Wereblood                Tmut           0%         N/A       94%         2
 Summon Hydra             Summ           0%         N/A       100%        7


Dungeon Overview and Level Annotations

Branches:
Dungeon (1/15)

Altars:


Innate Abilities, Weirdness & Mutations

You cannot be hasted, slowed, berserked, paralysed or teleported.
You can dig through walls and to a lower floor.
You have a pair of large antennae on your head. (SInv)
Your four strong arms can wield two-handed weapons with a shield.


Message History

The gnoll shouts!
You hit the goblin but do no damage. You hit the giant cockroach.
You block the goblin's attack.
The giant cockroach bites you but does no damage.
The goblin hits you but does no damage.
The rat twitches its whiskers.
You slash the giant cockroach!
You kill the giant cockroach!
You hit the goblin. The goblin hits you but does no damage.
You barely miss the goblin.
The goblin is heavily wounded.
You hit the gnoll. The gnoll hits you with a +0 flail.
You block the goblin's attack.
You slash the goblin!
You kill the goblin!
You hit the gnoll. The gnoll hits you with a +0 flail!
The gnoll hits you with a +0 flail.
* * * LOW HITPOINT WARNING * * *
The kobold hits you but does no damage.
You are too injured to fight recklessly!
You are too injured to fight recklessly!
You are too injured to fight recklessly!
You are too injured to fight recklessly!
You are too injured to fight recklessly!
You are too injured to fight recklessly!
You are too injured to fight recklessly!
You are too injured to fight recklessly!
You are too injured to fight recklessly!
Unknown command.
You are too injured to fight recklessly!
Unknown command.
You hit the kobold.
You kill the kobold!
You hit the gnoll but do no damage. The gnoll closely misses you.
Unknown command.
You hit the rat.
The rat is heavily wounded.
You hit the gnoll. You block the gnoll's attack. You block the rat's attack.
The rat closely misses you. The gnoll hits you with a +0 flail!
You die...

#####.......####
.#~~#.........##
..#~#..........##
...##...##......########
....#.. ##.............
....## ##.....###.#..
....# #..###># ......
#.## #.# ....#. ... #@#
....# #.## #rg......
....# #. ......... ...##
##'####### ..#~# ...
.#~~# ... #### ... .....


You could see a gnoll and a rat.

Vanquished Creatures
  A ball python (D:1)
  3 bats (D:1)
  An endoplasm (D:1)
  A giant cockroach (D:1)
  3 goblins (D:1)
  A hobgoblin (D:1)
  2 kobolds (D:1)
  A quokka (D:1)
  A frilled lizard (D:1)
  A rat (D:1)
15 creatures vanquished.

Notes
Turn   | Place    | Note
-------+----------+-------------------------------------------
     0 | D:1      | GigaChad the Formicid Fighter began the quest for the Orb.
     0 | D:1      | Reached XP level 1. HP: 18/18 MP: 1/1
   139 | D:1      | Reached XP level 2. HP: 18/24 MP: 2/2
   259 | D:1      | Slain by a gnoll

Illustrated notes

Levels and vault maps discovered:
D:1:      psy_arrival_dodecagon, layout_basic, nicolae_grassy_gnolls

Action                     || total
---------------------------++-------
  Melee: War axe           ||    48
 Armour: Scale mail        ||    34
  Dodge: Dodged            ||    25
  Block: Buckler           ||    16
